 Dungeon Crawl Stone Soup version 0.27-a0-1296-g8ece459b43 (webtiles) character file.

Game seed: 11644752266662081980

9917 Delamore the Impaler (level 11, -13/95 HPs)
             Began as a Formicid Fighter on June 16, 2021.
             Was an Initiate of Gozag.
             Mangled by a freezing wraith (20 damage)
             ... on level 8 of the Dungeon.
             The game lasted 00:10:10 (9306 turns).

Delamore the Impaler (Formicid Fighter)             Turns: 9306, Time: 00:10:10

Health: -13/95     AC: 16    Str: 24    XL:     11   Next: 83%
Magic:  11/11      EV:  5    Int:  8    God:    Gozag
Gold:   240        SH: 10    Dex: 10    Spells: 10/10 levels left

rFire    + . .     SeeInvis +   a - +0 trident (venom)
rCold    . . .     Faith    .   c - +0 kite shield
rNeg     . . .     Spirit   .   g - +0 plate armour
rPois    .         Reflect  .   (helmet unavailable)
rElec    .         Harm     .   u - +2 cloak
rCorr    .         Rampage  .   (no gloves)
Will     +....                  n - +0 pair of boots
Stlth    ..........             (no amulet)
HPRegen  0.25/turn              h - ring of protection from fire
MPRegen  0.12/turn              (no ring)

@: attractive, studying Fighting
A: permanent stasis, dig shafts and tunnels, antennae 3, four strong arms
a: Dig, Shaft Self, Renounce Religion, Potion Petition, Call Merchant, Bribe
Branch


You were on level 8 of the Dungeon.
You worshipped Gozag.
Gozag was aware of your devotion.
You visited 2 branches of the dungeon, and saw 9 of its levels.

You collected 1025 gold pieces.
You spent 715 gold pieces at shops.
You paid 70 gold pieces to Gozag.

Inventory:

Hand Weapons
 a - a +0 trident of venom (weapon)
Missiles
 f - 2 throwing nets
 k - 17 poisoned darts (quivered)
 l - 8 boomerangs
Armour
 c - a +0 kite shield (worn)
 g - a +0 plate armour (worn)
 n - a +0 pair of boots (worn)
 u - a +2 cloak (worn)
Jewellery
 h - a ring of protection from fire (left hand)
 i - an amulet of faith
 p - a ring of fire
Wands
 o - a wand of polymorph (7)
 q - a wand of iceblast (15)
Potions
 d - a potion of might
 e - a potion of lignification
 j - 3 potions of flight
 s - 2 potions of brilliance
 t - 2 potions of resistance


   Skills:
 - Level 11.8 Fighting
 - Level 15.1 Polearms
 + Level 2.0 Throwing
 + Level 4.2 Armour
 + Level 4.6 Shields
 + Level 2.2 Evocations


You had 10 spell levels left.
You didn't know any spells.
Your spell library contained the following spells:

 Spells                   Type           Power      Damage    Failure   Level
 Animate Skeleton         Necr           0%         N/A       100%        1
 Corona                   Hex            0%         N/A       100%        1
 Magic Dart               Conj           0%         1d3       100%        1
 Pain                     Necr           0%         1d4       100%        1
 Sting                    Tmut/Pois      0%         1d3       100%        1
 Call Imp                 Summ           0%         N/A       100%        2
 Ensorcelled Hibernation  Hex/Ice        0%         N/A       100%        2
 Poisonous Vapours        Pois/Air       0%         N/A       100%        2
 Searing Ray              Conj           0%         3d3       100%        2
 Slow                     Hex            0%         N/A       100%        2
 Confusing Touch          Hex            0%         N/A       100%        3
 Conjure Flame            Conj/Fire      0%         6-21      100%        3
 Dazzling Flash           Conj/Hex       0%         N/A       100%        3
 Ignite Poison            Fire/Tmut/Pois 0%         N/A       100%        3
 Mephitic Cloud           Conj/Pois/Air  0%         N/A       100%        3
 Tukima's Dance           Hex            0%         N/A       100%        3
 Vampiric Draining        Necr           0%         2d6       100%        3
 Animate Dead             Necr           0%         N/A       100%        4
 Fulminant Prism          Conj/Hex       0%         3d6       100%        4
 Iskenderun's Mystic Bla  Conj/Tloc      0%         2d3       100%        4
 Olgreb's Toxic Radiance  Pois           0%         N/A       100%        4
 Agony                    Necr           0%         N/A       100%        5
 Blink                    Tloc           Unusable   N/A       N/A         2

Dungeon Overview and Level Annotations

Branches:
Dungeon (8/15)             Temple (1/1) D:5
   Lair: D:8-11

Altars:
Cheibriados
Elyvilon
Fedhas
Gozag
Kikubaaqudgha
Makhleb
Nemelex Xobeh
Qazlal
Ru
Sif Muna
Trog
Uskayaw
Xom
The Shining One

Shops:
D:2 *   D:5 !


Innate Abilities, Weirdness & Mutations

You cannot be hasted, slowed, berserked, paralysed or teleported.
You can dig through walls and to a lower floor.
You have a pair of large antennae on your head. (SInv)
Your four strong arms can wield two-handed weapons with a shield.


Message History

You barely miss the freezing wraith.
The freezing wraith is heavily damaged.
The freezing wraith hits you. The freezing wraith freezes you!
* * * LOW HITPOINT WARNING * * *
The freezing wraith hits you but does no damage.
You hit the freezing wraith but do no damage.
The freezing wraith is heavily damaged.
The freezing wraith hits you but does no damage. x2
You hit the freezing wraith but do no damage.
The freezing wraith is heavily damaged.
The freezing wraith hits you but does no damage.
You block the freezing wraith's attack.
You barely miss the freezing wraith.
The freezing wraith is heavily damaged.
You hit the freezing wraith.
The freezing wraith is heavily damaged.
The freezing wraith hits you but does no damage.
The freezing wraith barely misses you.
You hit the freezing wraith but do no damage.
The freezing wraith is heavily damaged.
The freezing wraith hits you.
* * * LOW HITPOINT WARNING * * *
The freezing wraith freezes you!!
* * * LOW HITPOINT WARNING * * *
The freezing wraith hits you.
* * * LOW HITPOINT WARNING * * *
The freezing wraith drains your vigour!
Your stasis prevents you from being slowed.
You feel better. The freezing wraith barely misses you.
You block the freezing wraith's attack.
It was a potion of magic.
Magic courses through your body.
The freezing wraith hits you but does no damage.
The freezing wraith barely misses you.
It was a potion of attraction.
You feel attractive to monsters. The freezing wraith hits you.
* * * LOW HITPOINT WARNING * * *
The freezing wraith freezes you!!
You die...
Your body crumbles into a pile of gold.

#...#....#.##.####.# .
#..........##.#
#........#.##<####
#.......##.......#
########....#......#.#
#....#...####......+
#....#.######......#
#....#.###.#######...
#....#.##.## #@## ##+#
#....#.#.######W#
#....'.......{{##
#....#####'''{####
#######..........######
.[............(....≈
).......#≈W#......#
..##..#≈≈##≈WW##...≈ .
#..≈## #≈..# ..#


You could see a freezing wraith.

Vanquished Creatures
  Harold (D:7)
  Pikel (D:7)
  Maurice (D:8)
  Prince Ribbit (D:7)
  Grum (D:8)
  5 yaks (D:7)
  3 water moccasins
  An orc warrior (D:7)
  2 ice beasts
  4 wolves
  3 ogres
  3 centaurs
  A lemure (D:7)
  A kobold brigand (D:7)
  3 bullfrogs
  Blork the orc (D:4)
  3 scorpions (D:4)
  5 wights (D:6)
  2 centaur zombies (D:7)
  A jelly (D:7)
  2 bullfrog skeletons
  2 orc priests (D:6)
  2 gnoll shamans
  5 hounds
  A centaur skeleton (D:4)
  2 iguanas
  Terence (D:3)
  7 orc wizards
  A howler monkey zombie (D:7)
  9 adders
  23 gnolls
  3 white imps
  An ufetubus (D:3)
  2 dart slugs (D:4)
  22 orcs
  11 endoplasms
  A giant cockroach (D:3)
  5 goblins
  5 hobgoblins
  22 jackals
  6 quokkas
  5 ball pythons
  5 bats
  4 frilled lizards
  14 kobolds
  A quokka skeleton (D:4)
  6 rats
211 creatures vanquished.

Vanquished Creatures (others)
  3 fungi (D:2)
  14 plants (D:2)
17 creatures vanquished.

Grand Total: 228 creatures vanquished

Notes
Turn   | Place    | Note
-------+----------+-------------------------------------------
     0 | D:1      | Delamore the Formicid Fighter began the quest for the Orb.
     0 | D:1      | Reached XP level 1. HP: 18/18 MP: 1/1
   105 | D:1      | Reached XP level 2. HP: 24/24 MP: 2/2
   462 | D:1      | Reached XP level 3. HP: 30/30 MP: 3/3
   487 | D:1      | Reached skill level 3 in Polearms
  1280 | D:2      | Found Zejuan's General Store.
  1372 | D:2      | Reached XP level 4. HP: 35/37 MP: 4/4
  1394 | D:2      | Found a faded altar of an unknown god.
  2026 | D:3      | Noticed Terence
  2034 | D:3      | Reached skill level 4 in Polearms
  2046 | D:3      | Killed Terence
  2047 | D:3      | Reached XP level 5. HP: 18/43 MP: 5/5
  2345 | D:3      | Found a white marble altar of Elyvilon.
  2373 | D:3      | Reached XP level 6. HP: 40/49 MP: 6/6
  2380 | D:3      | Reached skill level 5 in Polearms
  2978 | D:4      | Noticed Blork the orc
  2997 | D:4      | Killed Blork the orc
  2998 | D:4      | Reached skill level 5 in Fighting
  3155 | D:4      | Reached skill level 6 in Polearms
  3155 | D:4      | Reached XP level 7. HP: 50/56 MP: 7/7
  3532 | D:4      | Reached skill level 7 in Polearms
  4001 | D:4      | Found a burning altar of Makhleb.
  4027 | D:5      | Entered Level 5 of the Dungeon
  4124 | D:5      | Found Jodod's Distillery.
  4127 | D:5      | Bought a potion of heal wounds for 65 gold pieces
  4227 | D:5      | Found a staircase to the Ecumenical Temple.
  4236 | D:5      | Reached XP level 8. HP: 58/62 MP: 8/8
  4242 | D:5      | Reached skill level 8 in Polearms
  4250 | Temple   | Entered the Ecumenical Temple
  4554 | Temple   | Became a worshipper of Gozag Ym Sagoz the Greedy
  5182 | D:6      | Reached skill level 9 in Polearms
  5493 | D:6      | Found a sparkling altar of Nemelex Xobeh.
  5979 | D:6      | Reached skill level 10 in Polearms
  5979 | D:6      | Reached XP level 9. HP: 60/68 MP: 9/9
  6095 | D:6      | Reached skill level 11 in Polearms
  6502 | D:7      | Noticed Prince Ribbit
  6509 | D:7      | Killed Prince Ribbit
  6698 | D:7      | Noticed Pikel
  6709 | D:7      | Killed Pikel
  6710 | D:7      | Reached skill level 12 in Polearms
  6801 | D:7      | Identified a scroll of acquirement
  6801 | D:7      | Acquired a manual of Fighting
  6952 | D:7      | Reached XP level 10. HP: 74/74 MP: 10/10
  7149 | D:7      | Found an ancient bone altar of Kikubaaqudgha.
  7590 | D:7      | Noticed Harold
  7615 | D:7      | Killed Harold
  7616 | D:7      | Reached skill level 13 in Polearms
  8007 | D:7      | Found a snail-covered altar of Cheibriados.
  8438 | D:5      | Bought a potion of experience for 650 gold pieces
  8438 | D:5      | Reached skill level 15 in Polearms
  8438 | D:5      | Reached XP level 11. HP: 95/95 MP: 11/11
  8483 | D:8      | Noticed Grum
  8510 | D:7      | Reached skill level 1 in Evocations
  8523 | D:7      | Reached skill level 1 in Throwing
  8981 | D:8      | Killed Grum
  9153 | D:8      | Noticed Maurice
  9183 | D:8      | Killed Maurice
  9282 | D:8      | Found the +8 frozen axe "Frostbite" {freezing cloud, *Noise
                  | Fly rC+}
  9303 | D:8      | HP: 1/95 [freezing wraith (5)]
  9306 | D:8      | Mangled by a freezing wraith

Illustrated notes

Levels and vault maps discovered:
D:1:      wander_arrival_peaceful_grave, layout_basic, grunt_decor_mini_mirrors,
          minmay_3d_cube
D:2:      layout_loops_ring, shapermc_ecumenical_altar_mp_ritualfount,
          serial_shops, nicolae_shop_behind_doors
D:3:      layout_basic, general_overflow_altar, dk_noncrumbling_4, uniq_terence
D:4:      layout_loops_ring, lightli_temple_of_fire, grunt_decor_resistance,
          minmay_pentomino_pile, uniq_blork_the_orc
D:5:      layout_basic, minmay_temple_entry_offerings, serial_shops,
          kennysheep_mini
D:6:      layout_rooms, nemelex_dance_club_becter
D:7:      layout_loops_corners, overflow_temple_1_default, old_standard_altar,
          minmay_misc_feat_more_columns, uniq_harold, uniq_pikel,
          uniq_prince_ribbit1
D:8:      layout_basic, hellmonk_guarded_unrand_frostbite, uniq_grum,
          uniq_maurice
Temple:   jpeg_temple_island

Skill      XL: |  1  2  3  4  5  6  7  8  9 10 11 |
---------------+----------------------------------+-----
Polearms       | 3 4 6 7 10 12 15 | 15.1
Fighting       | 4 5 11 | 11.8
Evocations     | 2 |  2.2
Throwing       | 2 |  2.0
Shields        | 4 |  4.6
Armour         | 4 |  4.2

Action                   |  1- 3 |  4- 6 |  7- 9 | 10-12 || total
-------------------------+-------+-------+-------+-------++-------
Melee: Trident           |   115 |   118 |   351 |   227 ||   811
Throw: Dart              |       |       |     3 |       ||     3
 Abil: Dig               |       |     3 |     5 |     6 ||    14
Evoke: Wand              |       |       |     1 |       ||     1
  Use: Scroll            |     4 |     2 |     8 |     2 ||    16
       Potion            |       |     1 |     1 |     5 ||     7
 Stab: Distracted        |       |       |     1 |       ||     1
Armor: Scale mail        |    23 |       |       |       ||    23
       Plate armour      |    32 |    48 |   172 |   120 ||   372
       Skin              |       |     9 |       |       ||     9
Dodge: Dodged            |    37 |    18 |    47 |    38 ||   140
Block: Kite shield       |    59 |    44 |   142 |   108 ||   353

Table legend: (Time is in decaauts)
 A = Elapsed time spent in this place.
 B = Non-inter-level travel time spent in this place.
 C = Inter-level travel time spent in this place.
 D = Time resting spent in this place.
 E = Time spent auto-exploring this place.
 F = Levels seen in this place.
 G = Mean time per level.
                   A        B        C        D        E       F      G
               +--------+--------+--------+--------+--------+-----+--------+
         Total |   9393 |   9027 |    366 |   1584 |   5908 |   9 | 1043.7 |
       Dungeon |   9028 |   8701 |    327 |   1584 |   5585 |   8 | 1128.5 |
        Temple |    365 |    326 |     39 |      0 |    323 |   1 |  365.0 |
               +--------+--------+--------+--------+--------+-----+--------+

Top non-repeatable levels by time:
     D:7: 2388 daAuts
     D:6: 1430 daAuts
     D:4: 1123 daAuts
     D:3: 1058 daAuts
     D:1: 973 daAuts
     D:2: 951 daAuts
     D:5: 764 daAuts
  Temple: 365 daAuts
     D:8: 337 daAuts
